 Dungeon Crawl Stone Soup version 0.22-b1-26-g9dbaab1 (webtiles) character file.

391 ryryur the Cleaver (level 6, -4/52 HPs)
             Began as a Minotaur Fighter on Aug 8, 2018.
             Was a Follower of Makhleb.
             Slain by an ogre
             ... wielding a +0 giant club
              (21 damage)
             ... on level 4 of the Dungeon.
             The game lasted 00:09:43 (3549 turns).

ryryur the Cleaver (Minotaur Fighter)               Turns: 3549, Time: 00:09:44

Health: -4/52      AC:  8    Str: 21    XL:     6   Next: 50%
Magic:  5/5        EV:  7    Int:  5    God:    Makhleb [*.....]
Gold:   153        SH:  9    Dex: 11    Spells: 5/5 levels left

rFire    . . .     SeeInvis .   a - +0 war axe
rCold    . . .     Gourm    .   c - +0 shield
rNeg     . . .     Faith    .   b - +0 scale mail
rPois    .         Spirit   .   (helmet restricted)
rElec    .         Reflect  .   (no cloak)
rCorr    .         Harm     .   (no gloves)
MR       .....                  j - +0 pair of boots
Stlth    ..........             (no amulet)
HPRegen  0.17/turn              (no ring)
MPRegen  0.09/turn              (no ring)

@: no status effects
A: retaliatory headbutt, horns 2
a: Renounce Religion


You were on level 4 of the Dungeon.
You worshipped Makhleb.
Makhleb was aware of your devotion.
You were not hungry.

You visited 1 branch of the dungeon, and saw 5 of its levels.

You collected 153 gold pieces.

Inventory:

Hand Weapons
 a - a +0 war axe (weapon)
 h - a +0 spear
 q - a +1 scimitar of electrocution
Missiles
 e - 35 sling bullets
 o - 9 arrows
 t - 7 curare-tipped needles
Armour
 b - a +0 scale mail (worn)
 c - a +0 shield (worn)
 j - a +0 pair of boots (worn)
 w - +0 steam dragon scales
Scrolls
 g - a scroll of immolation {unknown}
 k - 5 scrolls of identify {unknown}
 m - 2 scrolls of teleportation
 r - 2 scrolls of remove curse {unknown}
Potions
 d - a potion of might
 i - 4 potions of brilliance {unknown}
 l - a potion of ambrosia {unknown}
 n - a potion of haste {unknown}
 p - 2 potions of lignification {unknown}
 u - a potion of flight {unknown}
 v - a potion of heal wounds {unknown}
Comestibles
 f - 9 rations


   Skills:
 - Level 3.7 Fighting
 + Level 8.3 Axes
 - Level 3.7 Armour
 - Level 3.7 Shields


You had 5 spell levels left.
You didn't know any spells.
Your spell library was empty.

Dungeon Overview and Level Annotations

Branches:
Dungeon (5/15)
 Temple: D:4-7

Altars:
Ashenzari
Hepliaklqana
Makhleb
Xom
Zin


Innate Abilities, Weirdness & Mutations

You reflexively headbutt those who attack you in melee.
You have a pair of horns on your head.


Message History

The ogre is moderately wounded.
The ogre closely misses you. You furiously retaliate!
You headbutt the ogre. You barely miss the ogre.
The ogre is moderately wounded.
A leopard gecko comes into view.
The ogre barely misses you.
You hit the ogre.
The ogre is heavily wounded.
You miss the leopard gecko. The ogre hits you with a giant club!!
The leopard gecko bites you but does no damage.
You hit the ogre but do no damage.
The ogre is heavily wounded.
You closely miss the leopard gecko. You block the leopard gecko's attack.
The ogre hits you with a giant club!
You hit the ogre.
The ogre is severely wounded.
You closely miss the leopard gecko. The leopard gecko bites you.
The leopard gecko bites you but does no damage.
The ogre hits you with a giant club!!
You die...

#.........##.# #.#
#.........##.## #.#
#..........#..# #.#
##########.##.###.#
###.###.##.#
#..##.#.##.#
#.##..#.##.# #.#O#
#.##.# ##@# #..#.#
#l## ##.#.# #.
##.#.# #. #..#.# ##
##..#.# ##...#.#
#......# #......#
#......#


You could see an ogre and a leopard gecko.

Vanquished Creatures
  2 ogres
  2 hounds
  A gnoll (D:2)
  9 adders
  3 worms
  A dart slug (D:1)
  A leopard gecko (D:1)
  An orc (D:3)
  4 giant cockroaches
  7 goblins
  6 hobgoblins
  A jackal (D:2)
  4 kobolds
  2 quokkas
  3 ball pythons
  7 bats
  4 frilled lizards
  4 rats
62 creatures vanquished.

Notes
Turn   | Place    | Note
-------+----------+-------------------------------------------
     0 | D:1      | ryryur the Minotaur Fighter began the quest for the Orb.
     0 | D:1      | Reached XP level 1. HP: 19/19 MP: 0/0
   182 | D:1      | Reached skill level 3 in Axes
   182 | D:1      | Reached XP level 2. HP: 23/27 MP: 1/1
   502 | D:1      | Found a shattered altar of Ashenzari.
   689 | D:2      | Found a burning altar of Makhleb.
   691 | D:2      | Found a shimmering altar of Xom.
   699 | D:2      | Became a worshipper of Makhleb the Destroyer
   711 | D:2      | Found a hazy altar of Hepliaklqana.
   715 | D:2      | Reached skill level 4 in Axes
   933 | D:2      | Reached XP level 3. HP: 33/33 MP: 2/2
  1369 | D:2      | Reached skill level 5 in Axes
  1376 | D:2      | Reached XP level 4. HP: 25/40 MP: 3/3
  2025 | D:2      | Found a glowing silver altar of Zin.
  2204 | D:3      | Reached * piety under Makhleb
  2425 | D:3      | Noticed an ogre
  2485 | D:3      | Killed an ogre
  2485 | D:3      | Reached skill level 6 in Axes
  2485 | D:3      | Reached XP level 5. HP: 8/46 MP: 4/4
  2488 | D:3      | Reached skill level 7 in Axes
  3170 | D:4      | Reached XP level 6. HP: 52/52 MP: 5/5
  3235 | D:5      | Entered Level 5 of the Dungeon
  3290 | D:4      | Reached skill level 8 in Axes
  3549 | D:4      | Slain by an ogre

Skill      XL: |  1  2  3  4  5  6 |
---------------+-------------------+-----
Axes           | 3 4 5 6 7 8 |  8.3
Fighting       | |  3.7
Armour         | |  3.7
Shields        | |  3.7

Action                   |  1- 3 |  4- 6 || total
-------------------------+-------+-------++-------
Melee: War axe           |    86 |    99 ||   185
       Headbutt          |    12 |     8 ||    20
  Use: Scroll            |     2 |       ||     2
  Eat: Chunk             |     1 |     7 ||     8
Armor: Scale mail        |    34 |    35 ||    69
Dodge: Dodged            |    21 |    31 ||    52
Block: Shield            |    52 |    57 ||   109
